Map: Ever Dream LE

Players

RiSky

  • Race: Zerg Zerg
  • Spawn Location: 7:00

Probe - Winner!

  • Race: Protoss Protoss
  • League: Master
  • Spawn Location: 1:00

Event: DreamHack SC2 Masters 2020 Fall

VOD

Have the link to the VOD?

Description

Time

  • Played on: Aug. 28, 2020, 6:38 a.m.
  • Length: 17:14

All games in this series

Show
View Real Time Build Order
Export as new Build Order

RiSky Zerg 

Build Orders: Hatch First 

Get SALT Encoding   

  12  0:00  Drone  
  13  0:12  Overlord  
  13  0:17  Drone  
  14  0:31  Drone x2  
  16  0:49  Hatchery  
  15  0:52  Drone  
  15  0:55  Drone  
  17  0:58  Drone  
  18  1:10  Extractor  
  17  1:14  Spawning Pool  
  17  1:17  Drone  
  17  1:21  Drone  
  18  1:30  Drone  
  19  1:39  Drone  
  20  1:50  Overlord  
  20  2:00  Queen  
  20  2:01  Queen, Zergling x2  
  22  2:02  Zergling x2  
  26  2:11  Drone  
  26  2:12  Drone  
  26  2:15  Metabolic Boost  
  28  2:22  Drone  
  29  2:23  Drone  
  30  2:33  Drone  
  30  2:34  Drone  
  32  2:43  Hatchery  
  31  2:49  Queen  
  32  2:54  Overlord  
  32  3:01  Drone x2  
  32  3:02  Drone  
  35  3:09  Drone  
  35  3:12  Drone  
  37  3:13  Drone  
  37  3:14  Drone x2  
  37  3:18  Overlord  
  40  3:23  Drone  
  40  3:25  Queen  
  43  3:32  Overlord  
  43  3:35  Drone  
  44  3:43  Drone x2  
  44  3:44  Drone x2  
  44  3:47  Drone  
  49  3:48  Drone  
  49  3:55  Queen, Overlord  
  50  3:59  Zergling x8  
  56  4:04  Roach Warren  
  56  4:08  Zergling x4  
  57  4:12  Spore Crawler  
  57  4:13  Spore Crawler  
  57  4:16  Spore Crawler  
  54  4:18  Drone  
  54  4:21  Lair  
  55  4:25  Zergling x4  
  55  4:26  Zergling x4  
  58  4:35  Drone x2  
  58  4:36  Drone x4  
  64  4:40  Overlord  
  64  4:42  Drone  
  64  4:44  Overlord  
  65  4:48  Extractor x2  
  63  4:57  Roach  
  63  4:58  Roach  
  66  5:00  Roach x2  
  66  5:01  Roach x2  
  66  5:05  Overlord  
  74  5:07  Roach x3  
  74  5:10  Overlord  
  80  5:15  Overlord  
  80  5:16  Drone x2  
  81  5:24  Drone x2  
  81  5:25  Drone x2  
  81  5:26  Overseer  
  81  5:27  Drone  
  86  5:31  Drone x2  
  86  5:32  Drone  
  86  5:33  Drone  
  86  5:34  Drone x2  
  92  5:37  Drone  
  92  5:39  Overlord  
  93  5:45  Drone  
  93  5:47  Drone  
  95  5:53  Drone x3  
  95  5:57  Drone  
  95  6:03  Drone x2  
  98  6:04  Drone  
  98  6:06  Drone x2  
  98  6:07  Drone x2  
  103  6:12  Drone  
  103  6:17  Drone, Glial Reconstitution  
  103  6:18  Evolution Chamber, Extractor, Baneling Nest  
  103  6:20  Extractor  
  103  6:22  Roach x2  
  103  6:24  Extractor  
  104  6:25  Overlord  
  104  6:28  Overlord x2, Hatchery  
  103  6:35  Overlord  
  101  6:40  Overlord  
  101  6:41  Roach x2  
  101  6:44  Overlord  
  101  6:46  Overlord  
  105  6:52  Overlord  
  105  6:55  Overlord, Zerg Melee Weapons Level 1  
  105  6:58  Overlord  
  105  7:03  Roach x3  
  105  7:04  Centrifical Hooks  
  108  7:08  Zergling x2  
  108  7:09  Zergling x20  
  108  7:15  Roach  
  121  7:17  Ravager x2  
  121  7:18  Ravager x3  
  121  7:22  Roach x3  
  134  7:23  Roach  
  134  7:30  Overlord  
  134  7:36  Drone x4  
  138  7:42  Drone  
  139  7:46  Drone  
  139  7:51  Drone  
  141  7:52  Overlord  
  141  7:53  Overlord  
  141  7:56  Pneumatized Carapace  
  141  8:00  Drone  
  141  8:05  Roach, Zergling x14  
  145  8:06  Zergling x4  
  145  8:07  Ravager x2  
  145  8:08  Ravager  
  145  8:09  Roach  
  145  8:11  Baneling x12  
  159  8:12  Zergling x2  
  159  8:13  Zergling x6  
  159  8:17  Overlord  
  159  8:18  Zergling x4  
  164  8:28  Ravager x6  
  164  8:32  Drone x4, Overlord  
  164  8:33  Drone x2  
  176  8:34  Drone, Unknown  
  176  8:38  Drone, Hatchery  
  176  8:39  Spore Crawler  
  174  8:43  Drone  
  174  8:44  Baneling x11  
  174  8:47  Zergling x12  
  181  8:52  Baneling  
  181  8:53  Baneling x6  
  181  8:58  Zergling x2  
  181  8:59  Zergling x14  
  189  9:09  Zerg Melee Weapons Level 2  
  185  9:12  Baneling x6  
  175  9:19  Zergling x2  
  175  9:20  Zergling x24  
  188  9:33  Drone  
  189  9:41  Zergling x14  
  196  9:47  Baneling x6  
  196  9:48  Baneling x17  
  196  9:53  Zergling x8  
  199  10:05  Infestation Pit  
  198  10:16  Drone  
  198  10:20  Spore Crawler  
  198  10:21  Spine Crawler  
  197  10:23  Spine Crawler x2  
  192  10:38  Drone x8  
  198  10:45  Hive  
  198  10:47  Spire  
  197  10:52  Zergling x6  
  197  10:54  Baneling x3  
  197  10:55  Baneling x18  
  196  11:00  Zergling x2  
  196  11:01  Zergling x14, Hatchery  
  198  11:08  Baneling x4  
  198  11:16  Zergling x2  
  198  11:17  Zergling x10  
  186  11:25  Zergling x10  
  186  11:26  Zergling x16  
  181  11:39  Zergling x20  
  179  11:43  Zergling x4  
  179  11:46  Zerg Missile Weapons Level 1  
  170  11:49  Spine Crawler  
  170  11:50  Spine Crawler  
  170  11:52  Spine Crawler  
  170  11:53  Zergling x20  
  174  12:01  Zergling x4  
  176  12:07  Baneling  
  176  12:08  Baneling x6  
  176  12:09  Zergling x8  
  176  12:14  Zergling x2  
  176  12:15  Zergling x6  
  184  12:20  Baneling  
  184  12:21  Extractor x2, Baneling x14  
  181  12:23  Zergling x8  
  181  12:24  Zergling x4  
  181  12:26  Zergling x2  
  188  12:30  Greater Spire  
  188  12:33  Zergling x6  
  188  12:34  Zergling x2  
  188  12:36  Zergling x2  
  189  12:43  Drone  
  189  12:44  Drone x8  
  173  12:56  Zergling x14  
  178  12:59  Baneling x11  
  178  13:00  Baneling  
  178  13:01  Baneling x16  
  178  13:10  Zergling x6  
  178  13:11  Zergling x14  
  182  13:19  Zergling x2  
  176  13:20  Zergling x14  
  178  13:32  Zergling x10  
  181  13:36  Zergling x2  
  181  13:38  Baneling x21  
  171  13:45  Zerg Melee Weapons Level 3  
  171  13:47  Baneling  
  171  13:48  Baneling x21  
  171  13:51  Zergling x20  
  181  13:56  Zergling x4  
  181  13:58  Hatchery  
  181  14:01  Zergling x6  
  184  14:08  Zergling x2  
  184  14:09  Zergling x4  
  158  14:13  Zergling x6  
  138  14:18  Queen  
  138  14:21  Drone  
  138  14:22  Drone x5  
  144  14:25  Drone  
  144  14:27  Baneling x15  
  144  14:28  Drone x2  
  147  14:35  Drone x3  
  153  14:38  Ravager x5  
  153  14:43  Baneling x20  
  153  14:44  Baneling x5  
  154  14:48  Zergling x8  
  158  14:56  Baneling x2  
  157  15:07  Zergling x26  
  169  15:14  Overseer x2  
  169  15:17  Zergling x6  
  169  15:19  Hatchery  
  170  15:23  Overseer  
  170  15:26  Spore Crawler  
  170  15:27  Zergling x10  
  173  15:33  Zergling x2  
  173  15:34  Zergling x8  
  177  15:40  Zergling x6  
  179  15:47  Spine Crawler  
  176  15:51  Zergling x14  
  164  16:02  Zergling x16  
  167  16:07  Baneling x3  
  167  16:08  Baneling x15  
  167  16:11  Zergling x4  
  169  16:15  Zergling x12  
  169  16:18  Hatchery  
  172  16:21  Zergling x4  
  172  16:24  Baneling x16  
  173  16:26  Zergling x12  
  173  16:31  Zergling x2  
  171  16:34  Zergling x6  
  147  16:41  Zergling x4  
  141  16:54  Zergling x10  
Show
View Real Time Build Order
Export as new Build Order

Probe Protoss - Winner!

Build Orders: 1 Gate Expand, Archon Immortal, Archon Drop, Dark Templar Rush 

Get SALT Encoding   

  12  0:00  Probe  
  13  0:12  Probe  
  14  0:19  Pylon  
  14  0:24  Probe (Chrono Boost)  
  15  0:38  Probe (Chrono Boost)  
  16  0:42  Gateway  
  16  0:45  Probe (Chrono Boost)  
  17  0:50  Assimilator  
  17  0:52  Probe  
  19  1:04  Probe  
  19  1:16  Probe  
  20  1:26  Nexus  
  20  1:37  Cybernetics Core  
  20  1:40  Probe  
  20  1:46  Assimilator  
  21  1:53  Probe  
  22  1:55  Pylon  
  22  2:05  Probe  
  23  2:11  Adept (Chrono Boost)  
  23  2:13  Probe  
  23  2:14  Warp Gate  
  25  2:21  Probe  
  26  2:28  Twilight Council  
  27  2:32  Probe  
  27  2:33  Stalker (Chrono Boost)  
  30  2:39  Probe  
  31  2:44  Probe  
  32  2:51  Probe  
  32  2:54  Robotics Facility  
  32  2:56  Probe  
  34  3:03  Probe  
  34  3:04  Gateway  
  35  3:08  Probe  
  36  3:15  Probe  
  37  3:20  Probe  
  37  3:21  Dark Shrine  
  38  3:27  Probe  
  38  3:31  Gateway  
  38  3:33  Probe  
  40  3:38  Warp Prism (Chrono Boost)  
  40  3:39  Probe  
  41  3:45  Probe  
  41  3:46  Pylon  
  44  3:52  Probe  
  45  3:57  Probe  
  46  4:04  Probe  
  46  4:05  Adept x2, Pylon  
  46  4:09  Probe  
  52  4:13  Assimilator x2  
  52  4:17  Probe  
  53  4:19  Pylon  
  53  4:27  Probe  
  53  4:29  Probe  
  55  4:34  Dark Templar x2  
  59  4:39  Probe  
  59  4:40  Dark Templar  
  59  4:41  Probe  
  59  4:43  Pylon  
  63  4:50  Pylon  
  63  4:51  Probe  
  64  4:53  Probe  
  65  5:02  Pylon  
  65  5:03  Probe  
  66  5:09  Probe  
  66  5:13  Dark Templar  
  66  5:14  Dark Templar  
  71  5:15  Dark Templar, Probe  
  71  5:21  Probe, Archon x2  
  74  5:27  Immortal (Chrono Boost), Probe  
  80  5:28  Forge  
  80  5:34  Probe  
  80  5:35  Pylon  
  81  5:40  Nexus, Probe  
  82  5:46  Probe  
  83  5:52  Probe  
  83  5:54  Shield Battery  
  84  5:57  Sentry x2  
  84  5:58  Probe  
  84  6:02  Protoss Ground Weapons Level 1 (Chrono Boost)  
  84  6:03  Immortal (Chrono Boost)  
  84  6:04  Probe  
  94  6:05  Archon  
  94  6:10  Probe  
  95  6:14  Gateway  
  95  6:16  Gateway  
  95  6:19  Charge  
  95  6:24  Gateway  
  95  6:27  Gateway  
  95  6:31  Gateway  
  95  6:33  Probe  
  96  6:42  Probe  
  96  6:45  Immortal  
  101  6:50  Shield Battery  
  101  6:53  Pylon  
  101  7:01  Probe x2  
  101  7:05  Dark Templar  
  101  7:06  Zealot, Dark Templar  
  109  7:08  Probe  
  109  7:10  Pylon  
  109  7:11  Pylon  
  109  7:12  Archon  
  110  7:22  Dark Templar x2  
  114  7:24  Zealot, Observer (Chrono Boost)  
  114  7:25  Zealot  
  114  7:26  Probe x2  
  114  7:29  Pylon x2  
  121  7:34  Pylon  
  121  7:36  Photon Cannon  
  121  7:42  Shield Battery  
  121  7:53  Archon  
  121  7:56  Zealot  
  121  7:57  Zealot x6  
  135  8:02  Probe  
  140  8:05  Immortal  
  140  8:13  Assimilator x2  
  140  8:14  Templar Archives, Pylon  
  140  8:19  Protoss Ground Weapons Level 2 (Chrono Boost)  
  140  8:25  Dark Templar  
  140  8:26  Zealot x6, Dark Templar  
  156  8:27  Shield Battery  
  156  8:29  Pylon  
  156  8:34  Archon  
  156  8:39  Shield Battery  
  156  8:55  Nexus  
  156  8:57  Psionic Storm  
  156  8:58  Zealot x6  
  168  9:10  Stalker x2  
  168  9:15  Immortal  
  161  9:31  High Templar x2  
  163  9:33  Pylon  
  163  9:37  Photon Cannon  
  163  9:38  Pylon  
  163  9:39  Photon Cannon  
  163  9:53  Blink  
  163  9:58  Warp Prism (Chrono Boost), High Templar x2  
  163  9:59  Photon Cannon  
  167  10:01  Photon Cannon  
  167  10:03  Shield Battery  
  167  10:06  High Templar x2  
  173  10:10  Archon  
  173  10:12  Unknown  
  173  10:20  Zealot x4  
  181  10:33  Zealot  
  181  10:34  Zealot  
  185  10:48  Zealot x6  
  185  11:10  Zealot  
  185  11:11  Zealot x6  
  199  11:14  Stargate  
  184  11:27  High Templar  
  184  11:29  Immortal  
  166  11:39  High Templar  
  161  11:40  High Templar x6  
  161  11:46  Archon  
  161  11:47  Archon  
  159  11:53  Stargate  
  153  12:08  Immortal  
  153  12:09  Gateway  
  153  12:11  Gateway x3  
  153  12:14  Zealot x8  
  173  12:17  Fleet Beacon  
  173  12:26  Probe  
  173  12:27  Probe x2  
  176  12:37  Zealot  
  176  12:38  Zealot x7  
  180  12:55  Photon Cannon  
  180  12:57  Photon Cannon  
  176  12:58  Photon Cannon  
  176  13:00  Shield Battery  
  176  13:11  Zealot x6, Probe x2  
  185  13:18  Probe  
  175  13:23  Probe  
  168  13:27  High Templar x2  
  168  13:28  High Templar  
  168  13:29  High Templar x3  
  180  13:41  Archon x2  
  168  13:43  High Templar x5  
  168  13:47  Archon  
  178  13:49  Archon  
  178  13:50  Probe x4  
  182  14:02  Probe x2  
  182  14:03  Stalker x6  
  132  14:20  High Templar x2  
  132  14:21  Stalker x3  
  142  14:30  High Templar  
  142  14:31  Zealot x5  
  146  14:37  Warp Prism (Chrono Boost)  
  154  14:54  Dark Templar  
  154  14:55  Dark Templar  
  158  15:05  Dark Templar  
  152  15:07  Nexus  
  152  15:17  High Templar x2  
  152  15:21  Probe x4  
  148  15:22  Archon  
  150  15:31  Dark Templar  
  150  15:33  Probe x2  
  154  15:37  Stalker x4  
  162  15:43  Stalker x2  
  144  16:06  Stalker x5  
  144  16:11  Stalker x3  
  144  16:12  Stalker x3  
  156  16:28  Zealot x3  
  162  16:34  Archon  
  140  16:42  Zealot, High Templar x3  
  140  16:43  Zealot  
  142  16:50  Archon  
  124  16:55  Stalker x2  

Tags
 
Add a new tag
Caveats
  • Supply blocks, unpowered buildings, or Contaminate may cause inaccurate times.
  • Supply counts are checked every 10 seconds.